 Dungeon Crawl Stone Soup version 0.23.0-28-g6fe0f4d (webtiles) character file.

Game seed: 17339274393527637361

28 Borgoz the Grasshopper (level 3, -9/30 HPs)
             Began as a Ghoul Warper on Feb 25, 2019.
             Mangled by a gnoll
             ... wielding a +0 spear
              (11 damage)
             ... on level 2 of the Dungeon.
             The game lasted 00:02:43 (697 turns).

Borgoz the Grasshopper (Ghoul Warper)                Turns: 697, Time: 00:02:43

Health: -9/30      AC:  3    Str: 14    XL:     3   Next: 14%
Magic:  5/5        EV:  6    Int:  8    God:
Gold:   15         SH:  0    Dex:  6    Spells: 6/6 levels left

rFire    . . .     SeeInvis .     - Unarmed
rCold    + . .     Gourm    .   (no shield)
rNeg     + + +     Faith    .   a - +0 leather armour
rPois    ∞         Spirit   .   (no helmet)
rElec    .         Reflect  .   (no cloak)
rCorr    .         Harm     .   (no gloves)
MR       .....                  (no boots)
Stlth    +.........             b - amulet of the acrobat
HPRegen  0.00/turn              l - -3 ring of dexterity (curse)
MPRegen  0.09/turn              (no ring)

@: held, rotting
A: rotting body, claws 1, carnivore, cold resistance 1, negative energy
resistance 3, inhibited regeneration, torment resistance, unbreathing
a: no special abilities


You were on level 2 of the Dungeon.
You were not hungry.

You visited 1 branch of the dungeon, and saw 2 of its levels.

You collected 15 gold pieces.

Inventory:

Missiles
 d - 5 tomahawks of dispersal (quivered)
Armour
 a - a +0 leather armour (worn)
Jewellery
 b - an amulet of the acrobat (around neck)
 i - an uncursed ring of stealth {unknown}
 l - a cursed -3 ring of dexterity (left claw)
Scrolls
 c - 2 scrolls of blinking
 k - a scroll of amnesia
Potions
 e - a potion of berserk rage {unknown}
 g - a potion of degeneration {unknown}
 h - 2 potions of flight {unknown}
Comestibles
 f - 4 rations


   Skills:
 + Level 2.6 Fighting
 - Level 0.8 Throwing
 + Level 1.3 Armour
 + Level 2.1 Dodging
 + Level 2.6 Unarmed Combat
 + Level 2.0 Spellcasting
   Level 2.6 Translocations


You had 6 spell levels left.
You didn't know any spells.
Your spell library contained the following spells:

 Spells                   Type           Power        Failure   Level  Hunger
 Blink                    Tloc           N/A          22%         2    ###....
 Shroud of Golubria       Chrm/Tloc      #.........   36%         2    ###....
 Gell's Gravitas          Tloc           #.........   41%         3    ####...
 Lesser Beckoning         Tloc           #.........   41%         3    ####...
 Teleport Other           Tloc           #.......     41%         3    ####...
 Passage of Golubria      Tloc           N/A          82%         4    #####..


Dungeon Overview and Level Annotations

Branches:
Dungeon (2/15)

Altars:


Innate Abilities, Weirdness & Mutations

Your body is rotting away.
You thrive on raw meat.
You are immune to poison.
You have sharp fingernails.
You are carnivorous and can eat meat at any time.
Your flesh is cold resistant. (rC+)
You are immune to negative energy. (rN+++)
You do not regenerate when monsters are visible.
You are immune to unholy pain and torment.
You can survive without breathing.


Message History

A gnoll comes into view. It is wielding a +0 spear.
You struggle against the net.
The bat hits you. The gnoll barely misses you.
The goblin hits you with a +0 dagger.
You struggle against the net.
The bat hits you.
The gnoll hits you from afar with a +0 spear!
The bat hits you. The goblin barely misses you.
A gnoll comes into view. It is wielding a +0 halberd.
You struggle against the net.
The gnoll shouts!
The bat hits you but does no damage. x2
The gnoll hits you from afar with a +0 spear!
* * * LOW HITPOINT WARNING * * *
The bat barely misses you. The goblin hits you but does no damage.
You struggle against the net.
The bat closely misses you.
The gnoll hits you from afar with a +0 spear.
* * * LOW HITPOINT WARNING * * *
The goblin hits you but does no damage.
You struggle against the net.
The bat barely misses you.
The gnoll hits you from afar with a +0 spear!
You die...

....####...........
.........g....#...#
..............#...#
.........o....#...#
.........####....#
..........#......#
###......o#......#.
.......w(#b.......
....
.........g#@...?...
.....
........r.#g.......
$...
.....#####gg.......
....#
###..........g....
#..
................
#..
.............g..
######..
................
...)....
...###.....###..
........ ...
......# .. ........


You could see 3 gnolls, 2 goblins and a bat.

Vanquished Creatures
  An ooze (D:1)
  3 bats (D:1)
  4 goblins (D:1)
  5 hobgoblins (D:1)
  2 jackals (D:1)
  A frilled lizard (D:1)
  2 kobolds (D:1)
  4 rats
22 creatures vanquished.

Notes
Turn   | Place    | Note
-------+----------+-------------------------------------------
     0 | D:1      | Borgoz the Ghoul Warper began the quest for the Orb.
     0 | D:1      | Reached XP level 1. HP: 17/17 MP: 2/2
    50 | D:1      | Reached skill level 1 in Armour
    60 | D:1      | Reached XP level 2. HP: 19/25 MP: 3/3
   253 | D:1      | Reached XP level 3. HP: 24/30 MP: 5/5
   697 | D:2      | Mangled by a gnoll

Skill      XL: |  1  2 |
---------------+-------+-----
Armour         | 1 |  1.3
Dodging        | 2 |  2.1
Spellcasting   | 2 |  2.0
Fighting       | |  2.6
Throwing       | |  0.8
Unarmed Combat | |  2.6
Translocations | |  2.6

Action                   || total
-------------------------++-------
Melee: Unarmed           ||    60
  Use: Potion            ||     2
       Scroll            ||     3
  Eat: Chunk             ||     5
Armor: Leather armour    ||    16
Dodge: Dodged            ||    54
